 Dungeon Crawl Stone Soup version 0.19.1 (webtiles) character file.

11657 Haldmier the Cleaver (level 11, -23/72 HPs)
             Began as a Gargoyle Gladiator on Dec 20, 2016.
             Was a High Priest of Makhleb.
             Annihilated by a minotaur
             ... wielding a +4 rapier of venom
              (26 damage)
             ... in a labyrinth.
             The game lasted 00:40:22 (11689 turns).

Haldmier the Cleaver (Gargoyle Gladiator)          Turns: 11689, Time: 00:40:23

Health: -23/72     AC: 23    Str: 25    XL:     11   Next: 81%
Magic:  15/15      EV:  9    Int:  9    God:    Makhleb [*****.]
Gold:   897        SH:  0    Dex: 12    Spells: 0 memorised, 10 levels left

rFire  . . .     SeeInvis .     F - +2 hand axe (vamp)
rCold  . . .     Gourm    .     u - +0 plate armour
rNeg   + + .     Faith    .     (no shield)
rPois  ∞         Spirit   .     n - +2 helmet
rElec  +         Reflect  .     (no cloak)
rCorr  .         Harm     .     (no gloves)
MR     +....                    (no boots)
Stlth  ..........               (no amulet)
                                C - ring of positive energy
                                E - ring of protection from magic

@: mighty
A: negative energy resistance 1, electricity resistance, unbreathing,
petrification resistance, rot immunity, AC +7
a: Minor Destruction, Lesser Servant of Makhleb, Major Destruction, Greater
Servant of Makhleb, Renounce Religion


You were in a labyrinth.
You worshipped Makhleb.
Makhleb was extremely pleased with you.
You were not hungry.

You visited 4 branches of the dungeon, and saw 13 of its levels.
You also visited: Labyrinth.

You collected 897 gold pieces.

Inventory:

Hand Weapons
 h - a cursed +0 mace
 F - a +2 vampiric hand axe (weapon)
 M - a +2 whip of freezing
 V - a +1 battleaxe of flaming
Missiles
 d - 5 throwing nets
 v - 6 javelins (quivered)
 y - 4 tomahawks
 A - 5 tomahawks of returning
Armour
 j - a +2 leather armour of magic resistance
 n - a +2 helmet (worn)
 u - a +0 plate armour (worn)
Jewellery
 C - a ring of positive energy (right hand)
 E - a ring of protection from magic (left hand)
 H - an uncursed ring of wizardry
Wands
 c - a wand of disintegration (8/24)
 I - a wand of paralysis (10/24)
 J - a wand of flame (31/48)
 L - a wand of paralysis (7/24)
 Q - a wand of flame (27/48)
 S - a wand of iceblast (12/15)
Scrolls
 e - 6 scrolls of remove curse
 g - 5 scrolls of teleportation
 i - 4 scrolls of blinking
 l - 3 scrolls of magic mapping
 p - a scroll of recharging
 s - a scroll of fear {unknown}
 w - a scroll of random uselessness {unknown}
 B - 3 scrolls of amnesia
 G - a scroll of fog {unknown}
 N - a scroll of enchant weapon {unknown}
Potions
 b - 7 potions of brilliance
 k - a potion of berserk rage {unknown}
 o - a potion of haste {unknown}
 t - 4 potions of flight
 z - 3 potions of curing
 U - a potion of cancellation {unknown}
Books
 D - a book of Conjurations

   Spells                             Type                      Level
   a - Magic Dart                     Conjuration                  1
   b - Searing Ray                    Conjuration                  2
   c - Dazzling Spray                 Conjuration/Hexes            3
   d - Fulminant Prism                Conjuration/Hexes            4
   e - Iskenderun's Mystic Blast      Conjuration                  4
   f - Iskenderun's Battlesphere      Conjuration/Charms           5
 K - a book of Frost

   Spells                             Type                      Level
   a - Freeze                         Ice                          1
   b - Throw Frost                    Conjuration/Ice              2
   c - Ozocubu's Armour               Charms/Ice                   3
   d - Throw Icicle                   Conjuration/Ice              4
   e - Summon Ice Beast               Ice/Summoning                4
Comestibles
 f - 4 bread rations
 q - 3 meat rations
 r - 10 fruits
 O - a royal jelly


   Skills:
 - Level 9.9 Fighting
 + Level 11.9 Axes
 - Level 1.7 Throwing
 - Level 5.6 Armour
 - Level 5.4 Dodging
 - Level 6.5 Invocations


You had 10 spell levels left.
You didn't know any spells.

Dungeon Overview and Level Annotations

Branches:
Dungeon (9/15)             Temple (1/1) D:4            Lair (1/6) D:8
    Orc (2/2) D:9             Elf (0/3) Orc:2

Altars:
Ashenzari
Cheibriados
Dithmenos
Elyvilon
Fedhas
Gozag
Hepliaklqana
Kikubaaqudgha
Makhleb
Nemelex Xobeh
Okawaru
Qazlal
Ru
Sif Muna
Trog
Uskayaw
Vehumet
Xom
Yredelemnul
Zin
The Shining One
Beogh

Shops:
D:7 (


Innate Abilities, Weirdness & Mutations

You are resistant to torment.
Your stone body is resilient. (AC +7)
You are immune to poison.
You resist negative energy. (rN+)
You are resistant to electric shocks. (rElec)
You can survive without breathing.
You are immune to petrification.
You are immune to rotting.


Message History

The minotaur is severely wounded.
You hit the minotaur.
You feel better.
The minotaur is severely wounded.
The minotaur hits you with a rapier of venom!!
* * * LOW HITPOINT WARNING * * *
The minotaur gores you but does no damage.
You take 17 damage, and have 4/72 hp.
MASSIVE DAMAGE!!
Okay, then.
You hit the minotaur but do no damage.
The minotaur is severely wounded.
The minotaur hits you with a rapier of venom.
* * * LOW HITPOINT WARNING * * *
The minotaur gores you but does no damage.
You take 3 damage, and have 3/72 hp.
You hit the minotaur but do no damage.
The minotaur is severely wounded.
You hit the minotaur but do no damage.
The minotaur is severely wounded.
The minotaur hits you with a rapier of venom!!
You die...

########## .
#...H@...#.
..#.######.#
## ## # #.#
.#. . . #
#.# #.#.###
#
#......#.#..
. # #. #
######## #
.#. # # ..
.. . ...# ..
.# #..###
#####. ## .
. .... .# .


You could see a minotaur.

Vanquished Creatures
  2 orc knights
  Pikel (D:8)
  An orc sorcerer (Orc:2)
  A spiny frog (Lair:1)
  2 trolls
  A two-headed ogre (Orc:2)
  A hornet (D:9)
  3 hippogriffs
  Sigmund (D:3)
  6 yaks (D:9)
  A wyvern (D:8)
  A water moccasin (D:7)
  2 hell hounds (D:8)
  Duvessa (D:3)
  A porcupine (Lair:1)
  18 orc warriors
  A black bear (D:7)
  2 phantoms
  2 sky beasts
  A necrophage (D:9)
  2 ice beasts
  5 ogres
  4 centaurs
  A crocodile (Lair:1)
  2 big kobolds (D:7)
  A gnoll sergeant (D:9)
  6 bullfrogs
  Dowan (D:3)
  4 scorpions
  12 killer bees
  7 howler monkeys
  4 crimson imps
  A centaur zombie (D:8)
  3 jellies
  8 orc priests
  2 bullfrog skeletons
  6 hounds
  A gnoll shaman (D:6)
  12 orc wizards
  4 iguanas
  7 worker ants
  A hound zombie (D:7)
  A worker ant zombie (D:6)
  11 gnolls
  9 adders
  A shadow imp (D:7)
  An ooze (D:3)
  An adder skeleton (D:5)
  An adder zombie (D:5)
  2 worms
  3 dart slugs
  2 leopard geckos
  65 orcs
  6 bats
  3 giant cockroaches
  5 goblins
  15 hobgoblins
  4 jackals
  2 quokkas
  9 frilled lizards
  A jackal zombie (D:5)
  23 kobolds
  A leopard gecko skeleton (D:6)
  A leopard gecko zombie (D:5)
  3 quokka skeletons
  A quokka zombie (D:5)
  4 rats
318 creatures vanquished.

Vanquished Creatures (others)
  A bush (Lair:1)
1 creature vanquished.

Grand Total: 319 creatures vanquished

Notes
Turn   | Place    | Note
-------+----------+-------------------------------------------
     0 | D:1      | Haldmier the Gargoyle Gladiator began the quest for the Orb.
     0 | D:1      | Reached XP level 1. HP: 12/12 MP: 1/1
   152 | D:1      | Reached skill level 3 in Axes
   166 | D:1      | Reached XP level 2. HP: 17/18 MP: 2/2
   694 | D:1      | Reached XP level 3. HP: 23/23 MP: 3/3
  1084 | D:2      | Found an iron altar of Okawaru.
  1561 | D:2      | Reached XP level 4. HP: 28/28 MP: 4/4
  1840 | D:2      | Reached skill level 4 in Axes
  1922 | D:3      | Noticed Sigmund
  1939 | D:3      | Killed Sigmund
  1939 | D:3      | Reached skill level 5 in Axes
  1939 | D:3      | Reached XP level 5. HP: 34/34 MP: 5/5
  1939 | D:3      | Reached XP level 6. HP: 39/39 MP: 6/6
  2445 | D:4      | Noticed a phantom
  2884 | D:4      | Noticed Duvessa
  2884 | D:4      | Noticed Dowan
  3187 | D:3      | Killed Duvessa
  3187 | D:3      | Reached XP level 7. HP: 41/44 MP: 7/7
  3189 | D:3      | Killed Dowan
  3189 | D:3      | Reached skill level 5 in Fighting
  3189 | D:3      | Reached skill level 6 in Axes
  4044 | D:3      | Reached skill level 7 in Axes
  4044 | D:3      | Reached XP level 8. HP: 49/51 MP: 8/8
  4049 | D:4      | Found a staircase to the Ecumenical Temple.
  4058 | Temple   | Entered the Ecumenical Temple
  4102 | Temple   | Became a worshipper of Makhleb the Destroyer
  4382 | D:5      | Entered Level 5 of the Dungeon
  4816 | D:5      | Reached skill level 8 in Axes
  4938 | D:5      | Reached * piety under Makhleb
  5149 | D:5      | Found a snail-covered altar of Cheibriados.
  5556 | D:6      | Reached XP level 9. HP: 53/57 MP: 9/9
  5755 | D:6      | Reached skill level 9 in Axes
  6857 | D:7      | Found Igyeghig's Antique Weapon Emporium.
  6971 | D:7      | Reached skill level 1 in Invocations
  6995 | D:7      | Reached skill level 1 in Armour
  7151 | D:7      | Reached ** piety under Makhleb
  7154 | D:7      | Reached skill level 10 in Axes
  7523 | D:8      | Reached XP level 10. HP: 61/65 MP: 12/12
  7564 | D:8      | Found a staircase to the Lair.
  7994 | D:8      | Noticed Pikel
  8026 | D:8      | Killed Pikel
  8521 | D:8      | Reached *** piety under Makhleb
  8697 | Lair:1   | Entered Level 1 of the Lair of Beasts
  8733 | Lair:1   | Noticed a spiny frog
  8742 | Lair:1   | Killed a spiny frog
  8830 | Lair:1   | Noticed a four-headed hydra
  9238 | D:9      | Reached skill level 5 in Invocations
  9337 | D:9      | Reached skill level 11 in Axes
  9430 | D:9      | Reached XP level 11. HP: 71/71 MP: 14/14
  9561 | D:8      | Reached **** piety under Makhleb
  9724 | D:9      | Found a roughly hewn altar of Beogh.
  9724 | D:9      | Found a staircase to the Orcish Mines.
 10077 | Orc:1    | Entered Level 1 of the Orcish Mines
 10119 | Orc:1    | Reached skill level 5 in Armour
 10271 | Orc:1    | Reached skill level 5 in Dodging
 10484 | Orc:1    | Noticed an orc knight
 10515 | Orc:1    | Killed an orc knight
 10793 | Orc:1    | Found a roughly hewn altar of Beogh.
 11009 | Orc:2    | Entered Level 2 of the Orcish Mines
 11009 | Orc:2    | Noticed an orc knight
 11013 | Orc:2    | Reached ***** piety under Makhleb
 11027 | Orc:2    | Killed an orc knight
 11056 | Orc:2    | Noticed an orc sorcerer
 11073 | Orc:2    | Killed an orc sorcerer
 11122 | Orc:2    | Noticed an orc knight
 11202 | Orc:2    | Found a labyrinth entrance.
 11244 | Lab      | Entered a labyrinth
 11665 | Lab      | Noticed a minotaur
 11687 | Lab      | HP: 3/72 [minotaur/rapier of venom (3)]
 11689 | Lab      | Annihilated by a minotaur

Skill      XL: |  1  2  3  4  5  6  7  8  9 10 11 |
---------------+----------------------------------+-----
Axes           | 3 5 7 8 10 11 | 11.9
Fighting       | 3 4 5 7 8 9 |  9.9
Invocations    | 2 5 6 |  6.5
Armour         | 2 4 5 |  5.6
Dodging        | 3 4 5 |  5.4
Throwing       | |  1.7

Action                   |  1- 3 |  4- 6 |  7- 9 | 10-12 || total
-------------------------+-------+-------+-------+-------++-------
Melee: War axe           |   124 |   113 |   362 |       ||   599
       Hand axe          |       |       |   185 |   864 ||  1049
Throw: Javelin           |       |     3 |       |       ||     3
Evoke: Wand              |       |       |       |     6 ||     6
  Use: Scroll            |       |       |    10 |     6 ||    16
       Potion            |       |       |       |     4 ||     4
 Stab: Paralysed         |       |       |       |    11 ||    11
  Eat: Chunk             |     2 |     4 |    16 |    14 ||    36
       Fruit             |       |       |     1 |     1 ||     2
       Royal jelly       |       |       |     1 |       ||     1
       Beef jerky        |       |       |     1 |       ||     1
Armor: Leather armour    |    46 |    56 |    35 |       ||   137
       Plate armour      |       |       |   423 |   462 ||   885
Dodge: Dodged            |    98 |    98 |   214 |   216 ||   626
